 Dungeon Crawl Stone Soup version 0.30.0-29-ga12c61a403 (webtiles) character file.

Game seed: 14378226388649411548

73 monsoonserge the Trooper (level 4, -1/41 HPs)
             Began as a Minotaur Fighter on June 5, 2023.
             Was a Follower of Elyvilon.
             Succumbed to Terence's poison
             ... on level 3 of the Dungeon.
             The game lasted 00:04:07 (1357 turns).

monsoonserge the Trooper (Minotaur Fighter)         Turns: 1357, Time: 00:04:07

Health: -1/41      AC:  7    Str: 22    XL:     4   Next: 8%
Magic:  0/3        EV:  9    Int:  5    God:    Elyvilon [*.....]
Gold:   128        SH:  4    Dex: 10    Spells: 3/3 levels left

rFire   + . .        a - +0 war axe
rCold   + . .        c - +0 buckler
rNeg    . . .        b - +0 scale mail
rPois   .            (helmet restricted)
rElec   .            f - scarf {rC+ rF+}
rCorr   .            (no gloves)
SInv    .            (no boots)
Will    .....        e - amulet of guardian spirit Stlth
                     (no ring)
HPRegen 0.26/turn    (no ring)
MPRegen 0.08/turn

%: guardian spirit
@: lethally poisoned (-1 -> -22)
A: horns 2, retaliatory headbutt
a: Renounce Religion, Purification


You were on level 3 of the Dungeon.
You worshipped Elyvilon.
Elyvilon was aware of your devotion.
You visited 1 branch of the dungeon, and saw 3 of its levels.

You collected 128 gold pieces.

Inventory:

Hand Weapons
 a - a +0 war axe (weapon)
Armour
 b - a +0 scale mail (worn)
 c - a +0 buckler (worn)
 f - a scarf of resistance (worn)
Jewellery
 e - an amulet of guardian spirit (around neck)
 k - a ring of fire
Scrolls
 g - 2 scrolls of immolation {unknown}
 h - 2 scrolls of teleportation {unknown}
 j - a scroll of enchant armour {unknown}
 l - 2 scrolls of identify {unknown}
Potions
 d - a potion of might
 i - a potion of mutation {unknown}
 n - a potion of attraction {unknown}
 o - a potion of flight {unknown}
 p - a potion of berserk rage {unknown}


   Skills:
 + Level 4.4 Fighting
 + Level 4.1 Axes
 - Level 4.0 Armour
 - Level 4.0 Shields


You had 3 spell levels left.
You didn't know any spells.
Your spell library contained the following spells:

 Spells                   Type           Power      Damage    Failure   Level
 Summon Small Mammal      Summ           0%         N/A       86%         1
 Call Canine Familiar     Summ           0%         N/A       99%         3
 Summon Guardian Golem    Hex/Summ       0%         N/A       99%         3


Dungeon Overview and Level Annotations

Branches:
Dungeon (3/15)

Altars:
Elyvilon
Uskayaw

Annotations:
D:3 Terence


Innate Abilities, Weirdness & Mutations

You have a pair of horns on your head.
You reflexively headbutt those who attack you in melee.


Message History

You barely miss Terence. Terence barely misses you.
Terence hits you with a +2 trident of venom.
You are poisoned.
You barely miss Terence. Your headbutt misses Terence.
You feel very sick. You block Terence's attack.
You hit Terence.
Terence is moderately wounded.
You feel very sick.
Terence hits you with a +2 trident of venom.
You slash Terence! You headbutt Terence!
Terence is almost dead.
You feel sick. Terence closely misses you. You furiously retaliate!
You headbutt Terence. Terence closely misses you. You furiously retaliate!
You headbutt Terence, but do no damage. You hit Terence but do no damage.
Terence is almost dead.
You feel sick. You block Terence's attack.
You closely miss Terence.
Terence is almost dead.
You feel sick.
Terence hits you with a +2 trident of venom!
You are more poisoned.
You closely miss Terence. Your headbutt misses Terence.
Terence is almost dead.
You feel very sick.
Terence hits you with a +2 trident of venom.
* * * LOW HITPOINT WARNING * * *
You are more poisoned.
Terence hits you with a +2 trident of venom.
* * * LOW HITPOINT WARNING * * *
You are lethally poisoned (4 -> -17).
Your movement speed is average.
Your attack delay is about 1.3.
Your damage rating with your +0 war axe is about 16 (Base 11 x 130% (Str) x 115% (Skill)).
Press: ? - help, v - describe, . - travel
Here: Terence, wielding a +2 trident of venom and wearing a +0 scale mail (almost dead)
The floor.
You barely miss Terence.
Terence is almost dead.
You die...

##.## # # #.# #
#.# #.# #†# #.#
### #.####....
...#####.#.......
.........@@#
.######.#### #.#
#.# #.# #.# #..
#.#


You could see Terence.

Vanquished Creatures
  An adder (D:2)
  3 worms
  2 dart slugs
  6 endoplasms
  4 giant cockroaches
  3 goblins
  2 hobgoblins
  3 quokkas
  7 ball pythons
  3 bats (D:1)
  5 frilled lizards
  4 kobolds
  6 rats
49 creatures vanquished.

Notes
Turn   | Place    | Note
-------+----------+-------------------------------------------
     0 | D:1      | monsoonserge the Minotaur Fighter began the quest for the
                  | Orb.
     0 | D:1      | Reached XP level 1. HP: 19/19 MP: 0/0
   223 | D:1      | Reached XP level 2. HP: 27/27 MP: 1/1
   788 | D:2      | Reached XP level 3. HP: 31/33 MP: 2/2
   823 | D:2      | Found a hide-covered altar of Uskayaw.
   978 | D:2      | Found a faded altar of an unknown god.
   986 | D:2      | Prayed at the altar of an unknown god.
   986 | D:2      | Became a worshipper of Elyvilon the Healer
   986 | D:2      | Reached * piety under Elyvilon
  1246 | D:3      | Reached XP level 4. HP: 41/41 MP: 3/3
  1345 | D:3      | Noticed Terence
  1357 | D:3      | Succumbed to Terence's poison

Illustrated notes

Levels and vault maps discovered:
D:1:      sevenhm_arrival_forest_fort_large_2, layout_basic, minmay_tetromino_o4
D:2:      layout_basic, basic_altar,
          dreamdust_ecumenical_altar_hidden_monk_grotto
D:3:      layout_loops_cross, uniq_terence

Skill      XL: |  1  2  3 |
---------------+----------+-----
Armour         | 4 |  4.0
Fighting       | 4 |  4.4
Axes           | 3 4 |  4.1
Shields        | 4 |  4.0

Action                     |  1- 3 |  4- 6 || total
---------------------------+-------+-------++-------
  Melee: War axe           |    99 |    13 ||   112
         Headbutt          |     8 |     3 ||    11
 Armour: Scale mail        |    43 |     2 ||    45
  Dodge: Dodged            |    49 |     7 ||    56
  Block: Buckler           |    17 |     2 ||    19
